 Dungeon Crawl Stone Soup version 0.23.0-3-gf3c87f2 (webtiles) character file.

Game seed: 15307560021935056880

65515 Faca the Warrior (level 15, -5/104 HPs)
             Began as a Gargoyle Fighter on Feb 23, 2019.
             Was a Follower of Uskayaw.
             Killed by divine providence
             ... invoked by a meliai
              (13 damage)
             ... on level 12 of the Dungeon.
             The game lasted 01:07:31 (24682 turns).

Faca the Warrior (Gargoyle Fighter)                Turns: 24682, Time: 01:07:33

Health: -5/104     AC: 33    Str: 29    XL:     15   Next: 16%
Magic:  19/19      EV:  6    Int: 10    God:    Uskayaw [*.....]
Gold:   1278       SH: 19    Dex: 10    Spells: 14/14 levels left

rFire    + . .     SeeInvis .   c - +4 flail (flame)
rCold    . . .     Gourm    .   l - +0 large shield
rNeg     + . .     Faith    +   e - +2 chain mail {rF+}
rPois    ∞         Spirit   .   u - +0 helmet
rElec    +         Reflect  .   t - +2 cloak {+Inv}
rCorr    .         Harm     .   s - +0 pair of gloves
MR       ++...                  w - +0 pair of boots
Stlth    ..........             j - amulet of faith
HPRegen  0.27/turn              p - ring of protection from magic
MPRegen  0.16/turn              S - +5 ring of strength

@: very slightly contaminated
A: big wings, negative energy resistance 1, electricity resistance, unbreathing,
petrification resistance, rot immunity, AC +11
a: Fly, Stomp, Renounce Religion, Evoke Invisibility


You were on level 12 of the Dungeon.
You worshipped Uskayaw.
Uskayaw was noncommittal.
You were not hungry.

You visited 4 branches of the dungeon, and saw 22 of its levels.
You also visited: Bailey and Volcano.

You collected 2394 gold pieces.
You spent 1116 gold pieces at shops.

Inventory:

Hand Weapons
 c - a +4 flail of flaming (weapon)
 x - a +0 morningstar
Missiles
 I - 6 throwing nets (quivered)
Armour
 e - a +2 chain mail of fire resistance (worn)
 l - a +0 large shield (worn)
 s - a +0 pair of gloves (worn)
 t - a +2 cloak of invisibility (worn)
 u - a +0 helmet (worn)
 w - a +0 pair of boots (worn)
 R - the +6 plate armour of the Wary Lies {Int+3}
   (You bought it in a shop on level 7 of the Dungeon)

   It affects your intelligence (+3).
Jewellery
 j - an amulet of faith (around neck)
 p - a ring of protection from magic (left hand)
 A - the ring of Gepeiw {Fire rElec rPois Int-2 Dex+5}
   (You found it on level 6 of the Lair of Beasts)

   [ring of fire]

   It enhances your fire magic.
   It affects your intelligence (-2).
   It affects your dexterity (+5).
   It protects you from fire.
   It makes you vulnerable to cold.
   It insulates you from electricity.
   It protects you from poison.
 H - an uncursed ring of see invisible
 P - a +3 ring of dexterity
 S - a +5 ring of strength (right hand)
Wands
 a - a wand of iceblast (10)
 y - a wand of digging (7)
 F - a wand of acid (11)
 K - a wand of disintegration (14)
Scrolls
 q - 9 scrolls of remove curse
 r - 6 scrolls of teleportation
 v - 4 scrolls of enchant armour
 z - 3 scrolls of fog
 B - a scroll of enchant weapon
 C - a scroll of brand weapon
 D - 2 scrolls of immolation
 G - 3 scrolls of magic mapping
 N - 2 scrolls of blinking
Potions
 b - 4 potions of curing
 d - 3 potions of ambrosia
 g - 3 potions of magic
 h - 4 potions of lignification
 i - 5 potions of brilliance
 k - 2 potions of haste
 m - 10 potions of agility
 n - 4 potions of heal wounds
 o - a potion of cancellation
 J - a potion of mutation {unknown}
 L - a potion of resistance {unknown}
 O - a potion of berserk rage
 Q - a potion of might
Comestibles
 f - 28 rations


   Skills:
 + Level 15.9 Fighting
 + Level 14.6 Maces & Flails
 + Level 11.9 Armour
 + Level 11.9 Shields
 + Level 6.6 Invocations


You had 14 spell levels left.
You didn't know any spells.
Your spell library contained the following spells:

 Spells                   Type           Power        Failure   Level  Hunger
 Animate Skeleton         Necr           N/A          100%        1    ##.....
 Apportation              Tloc           #.....       100%        1    ##.....
 Confusing Touch          Hex            #.....       100%        1    ##.....
 Corona                   Hex            #......      100%        1    ##.....
 Freeze                   Ice            #...         100%        1    ##.....
 Pain                     Necr           #...         100%        1    ##.....
 Summon Butterflies       Summ           #.......     100%        1    ##.....
 Slow                     Hex            #.......     100%        2    ###....
 Throw Frost              Conj/Ice       #.....       100%        2    ###....
 Call Canine Familiar     Summ           #.......     100%        3    ####...
 Confuse                  Hex            #.......     100%        3    ####...
 Gell's Gravitas          Tloc           #.........   100%        3    ####...
 Inner Flame              Hex/Fire       #.......     100%        3    ####...
 Lesser Beckoning         Tloc           #.........   100%        3    ####...
 Ozocubu's Armour         Chrm/Ice       #.......     100%        3    ####...
 Portal Projectile        Hex/Tloc       #.....       100%        3    ####...
 Recall                   Summ/Tloc      N/A          100%        3    ####...
 Regeneration             Chrm/Necr      #.........   100%        3    ####...
 Tukima's Dance           Hex            #.......     100%        3    ####...
 Vampiric Draining        Necr           #.........   100%        3    ####...
 Animate Dead             Necr           N/A          100%        4    #####..
 Cause Fear               Hex            #.........   100%        4    #####..
 Leda's Liquefaction      Hex/Erth       #.........   100%        4    #####..
 Petrify                  Tmut/Erth      #.......     100%        4    #####..
 Summon Ice Beast         Ice/Summ       #.......     100%        4    #####..
 Throw Icicle             Conj/Ice       #.......     100%        4    #####..
 Alistair's Intoxication  Tmut/Pois      #.......     100%        5    ######.
 Borgnjor's Vile Clutch   Necr/Erth      #.........   100%        5    ######.
 Metabolic Englaciation   Hex/Ice        #.........   100%        5    ######.
 Summon Mana Viper        Hex/Summ       #.......     100%        5    ######.
 Yara's Violent Unravell  Hex/Tmut       #.........   100%        5    ######.
 Death Channel            Necr           #.........   100%        6    #######
 Invisibility             Hex            #.......     100%        6    #######
 Simulacrum               Ice/Necr       #.........   100%        6    #######
 Summon Hydra             Summ           #.........   100%        7    #######


Dungeon Overview and Level Annotations

Branches:
Dungeon (13/15)            Temple (1/1) D:5            Lair (6/6) D:10
 Shoals (0/4) Lair:3       Spider (0/4) Lair:4        Slime (0/5) Lair:5
    Orc (2/2) D:11            Elf (0/3) Orc:2
 Vaults: D:13-14

Altars:
Ashenzari
Gozag
Hepliaklqana
Makhleb
Okawaru
Qazlal
Ru
Trog
Uskayaw
Vehumet
Yredelemnul
Zin
The Shining One

Shops:
D:7 [   D:11 }   Orc:2 :**?

Annotations:
D:12 3 runed translucent doors, grimtooth's ghost, journeyman SpEn; oXJerXo's ghost, journeyman TrMo
Lair:6 exclusion: oklob plant


Innate Abilities, Weirdness & Mutations

You are resistant to torment.
Your stone body is resilient. (AC +11)
You are immune to poison.
Your large and strong wings let you fly indefinitely.
You resist negative energy. (rN+)
You are resistant to electric shocks. (rElec)
You can survive without breathing.
You are immune to petrification.
You are immune to rotting.


Message History

The meliai mumbles some strange prayers to its god against you.
Something smites you! You block the meliai's attack.
The meliai barely misses you. x3
The meliai calls down the wrath of its god upon you.
Something smites you!
* * * LOW HITPOINT WARNING * * *
You block something's attack. The meliai hits you with a +0 hand axe.
* * * LOW HITPOINT WARNING * * *
The meliai barely misses you. The meliai hits you but does no damage.
You block the meliai's attack.
Blink to where?
Press: ? - help, Dir - move target cursor You are very lightly contaminated with residual magic.
As you read the scroll of blinking, it crumbles to dust.
The meliai invokes the aid of its god against you.
Something smites you!
* * * LOW HITPOINT WARNING * * *
The meliai invokes the aid of its god against you.
Something smites you!
You die...

#...............
##..............
######............
###...#.........####
#........#......####
##.......##.......#..
#.......###..........
#......(###..........
#.y.@................
###y...................
##§.....................
##y......##...#.#........
#............#..#........
##..........###....#....#
###......(####...##.....
##..##..###............
#.......###............


You could see 3 meliai.

Vanquished Creatures
  Gastronok (Lair:2)
  An orc warlord (Orc:1)
  Nessos (Lair:5)
  The ghost of Strat the Tainter, a journeyman DgVM (Lair:6)
  Harold (D:11)
  5 hydras
  8 two-headed ogres
  An ogre mage (Volcano)
  An orc high priest (Orc:1)
  Sonja (D:10)
  15 spriggans (Lair:6)
  The ghost of arcanemastermind the Destroyer, a novice DEFE of Sif Muna (Lair:1)
  A hell knight (Volcano)
  An orc knight (Orc:2)
  Pikel (D:7)
  A deep elf mage (D:12)
  A cyclops (D:12)
  6 orc sorcerers
  6 elephants (Lair:5)
  An ugly thing (D:12)
  Maurice (D:9)
  2 black mambas
  4 centaur zombies
  A merfolk siren (Lair:3)
  A torpor snail (Lair:4)
  A gargoyle (D:11)
  11 spiny frogs
  8 rime drakes
  7 komodo dragons
  7 polar bears
  A merfolk (D:12)
  3 trolls
  5 hornets (Lair:6)
  4 blink frogs
  A dream sheep (Lair:6)
  10 hippogriffs
  A tarantella (Lair:4)
  A shadow (D:11)
  3 basilisks
  30 yaks
  Sigmund (D:2)
  5 wyverns
  2 hungry ghosts (D:9)
  A death yak simulacrum (Lair:6)
  2 acid dragons
  3 wargs
  16 water moccasins
  11 porcupines
  A hydra simulacrum (Lair:6)
  22 orc warriors
  3 ice beasts
  A slave (D:7)
  6 sky beasts
  4 black bears
  3 phantoms
  3 black mamba simulacra (Lair:6)
  21 wolves
  8 ogres
  4 centaurs
  3 boggarts (Lair:6)
  9 crocodiles
  6 big kobolds
  18 bullfrogs
  6 gnoll sergeants
  2 spiny frog simulacra
  A scorpion (D:10)
  A water moccasin skeleton (D:8)
  A wyvern skeleton (D:10)
  7 wights
  A dream sheep simulacrum (Lair:6)
  2 howler monkeys (D:9)
  7 crimson imps
  A quasit (D:9)
  2 komodo dragon simulacra (Lair:6)
  5 hounds
  25 orc priests
  Crazy Yiuf (D:3)
  A bullfrog skeleton (D:10)
  4 centaur skeletons
  12 jellies
  Terence (D:2)
  8 worker ants
  Natasha (twice) (D:3)
  5 iguanas
  37 orc wizards
  A yak simulacrum (Lair:1)
  A killer bee zombie (D:5)
  4 bullfrog simulacra (Lair:1)
  A porcupine simulacrum (Lair:1)
  A worker ant zombie (D:10)
  12 gnolls
  A howler monkey skeleton (D:7)
  15 adders
  A crocodile simulacrum (Lair:1)
  3 shadow imps
  2 oozes
  An adder zombie (D:8)
  An adder skeleton (D:5)
  A worm (D:2)
  3 dart slugs
  7 leopard geckos
  69 orcs
  3 giant cockroaches
  10 goblins
  10 hobgoblins
  11 jackals
  3 quokkas
  5 ball pythons
  7 bats
  9 frilled lizards
  18 kobolds
  A quokka skeleton (D:4)
  A quokka zombie (D:9)
  9 rats
653 creatures vanquished.

Vanquished Creatures (others)
  A rime drake (Lair:1)
  2 jellies (D:12)
  8 fungi
  3 plants (Lair:6)
  A withered plant (D:12)
15 creatures vanquished.

Grand Total: 668 creatures vanquished

Notes
Turn   | Place    | Note
-------+----------+-------------------------------------------
     0 | D:1      | Faca the Gargoyle Fighter began the quest for the Orb.
     0 | D:1      | Reached XP level 1. HP: 14/14 MP: 1/1
     5 | D:1      | Found an opulent altar of Gozag.
    65 | D:1      | Reached XP level 2. HP: 19/19 MP: 2/2
   578 | D:1      | Reached XP level 3. HP: 4/24 MP: 3/3
   580 | D:1      | HP: 1/24 [frilled lizard (1)]
   658 | D:1      | Reached skill level 4 in Fighting
  1140 | D:2      | Noticed Sigmund
  1395 | D:2      | Reached XP level 4. HP: 30/30 MP: 4/4
  1480 | D:2      | Noticed Terence
  1498 | D:2      | Killed Terence
  1712 | D:2      | Found a basalt altar of Yredelemnul.
  1826 | D:2      | Killed Sigmund
  1826 | D:2      | Reached skill level 5 in Fighting
  1826 | D:2      | Reached XP level 5. HP: 5/36 MP: 5/5
  1826 | D:2      | Reached XP level 6. HP: 6/41 MP: 6/6
  2604 | D:3      | Reached skill level 6 in Fighting
  2615 | D:3      | Found a runed translucent door.
  2616 | D:3      | Noticed Crazy Yiuf
  2702 | D:3      | Reached skill level 5 in Maces & Flails
  3164 | D:3      | Noticed Natasha
  3173 | D:3      | Killed Natasha
  3451 | D:3      | Noticed Natasha
  3470 | D:3      | Killed Natasha
  3470 | D:3      | Reached XP level 7. HP: 25/47 MP: 7/7
  3649 | D:3      | Killed Crazy Yiuf
  3781 | D:4      | Found an iron altar of Okawaru.
  4083 | D:4      | Reached skill level 7 in Fighting
  4637 | D:5      | Entered Level 5 of the Dungeon
  4651 | D:5      | Found a staircase to the Ecumenical Temple.
  4683 | D:5      | Reached XP level 8. HP: 45/54 MP: 8/8
  4685 | Temple   | Entered the Ecumenical Temple
  4703 | Temple   | Became a worshipper of Uskayaw the Reveler
  4758 | D:5      | Reached * piety under Uskayaw
  4989 | D:5      | Reached ** piety under Uskayaw
  4994 | D:5      | Reached *** piety under Uskayaw
  4995 | D:5      | Reached skill level 8 in Fighting
  5741 | D:6      | Reached **** piety under Uskayaw
  5746 | D:6      | Reached skill level 9 in Fighting
  6097 | D:7      | Found Askeohaj's Antique Armour Shoppe.
  6102 | D:7      | Bought a heavily runed chain mail for 228 gold pieces
  6112 | D:7      | Identified the +1 chain mail of Salvation {+Blink rElec rN+
                  | Str+4} (You bought it in a shop on level 7 of the Dungeon)
  6294 | D:7      | Reached XP level 9. HP: 58/60 MP: 9/9
  6475 | D:7      | Noticed Pikel
  6495 | D:7      | Killed Pikel
  6647 | D:7      | Found a sacrificial altar of Ru.
  6753 | D:8      | Reached skill level 10 in Fighting
  6793 | D:8      | Found a radiant altar of Vehumet.
  6794 | D:8      | Found a glowing golden altar of the Shining One.
  6933 | D:8      | Found a flagged portal.
  6942 | D:8      | Got a bloodstained spear
  6946 | Bailey   | Entered a bailey
  7843 | D:8      | Found a bloodstained altar of Trog.
  8054 | D:9      | Reached ***** piety under Uskayaw
  8097 | D:9      | Reached skill level 11 in Fighting
  8097 | D:9      | Reached XP level 10. HP: 45/69 MP: 10/10
  8227 | D:9      | Reached skill level 10 in Maces & Flails
  9103 | D:9      | Noticed Maurice
  9126 | D:9      | Killed Maurice
  9157 | D:10     | Entered Level 10 of the Dungeon
  9223 | D:10     | Reached skill level 12 in Fighting
  9354 | D:10     | Reached ****** piety under Uskayaw
  9502 | D:10     | Reached XP level 11. HP: 73/76 MP: 11/11
  9542 | D:10     | Noticed Sonja
  9569 | D:10     | Killed Sonja
  9661 | D:10     | Reached skill level 5 in Armour
  9670 | D:10     | Reached skill level 5 in Shields
  9721 | D:10     | Noticed a two-headed ogre
  9730 | D:10     | Killed a two-headed ogre
 10180 | D:10     | Found a staircase to the Lair.
 10542 | D:11     | Reached skill level 13 in Fighting
 10698 | D:11     | Found Coilim's Gadget Emporium.
 10796 | D:11     | Noticed Harold
 10964 | D:11     | Killed Harold
 11138 | D:11     | Noticed a four-headed hydra
 11168 | D:11     | Killed a four-headed hydra
 11449 | D:11     | Found a staircase to the Orcish Mines.
 11493 | D:11     | Reached XP level 12. HP: 55/84 MP: 12/12
 12587 | Lair:1   | Entered Level 1 of the Lair of Beasts
 12724 | Lair:1   | Found a runed translucent gate.
 12724 | Lair:1   | Found a runed translucent gate.
 12724 | Lair:1   | Found a runed translucent gate.
 13049 | Lair:1   | Noticed arcanemastermind's ghost (novice DEFE)
 14188 | Lair:2   | Noticed Gastronok
 14261 | Lair:2   | Killed Gastronok
 14261 | Lair:2   | Reached skill level 14 in Fighting
 15029 | Lair:3   | Reached XP level 13. HP: 90/90 MP: 13/13
 15201 | Lair:3   | Found a staircase to the Shoals.
 15705 | Lair:4   | Found a hole to the Spider Nest.
 16373 | Lair:5   | Found a dark tunnel.
 16487 | Volcano  | Entered a volcano
 16527 | Volcano  | Found a bloodstained altar of Trog.
 16930 | Volcano  | Reached skill level 10 in Armour
 16930 | Volcano  | Reached skill level 10 in Shields
 17158 | Lair:5   | Found a staircase to the Slime Pits.
 17162 | Lair:5   | Noticed Nessos
 17224 | Lair:5   | Killed Nessos
 17224 | Lair:5   | Reached skill level 1 in Invocations
 18067 | Lair:6   | Entered Level 6 of the Lair of Beasts
 18083 | Lair:5   | Reached skill level 15 in Fighting
 18299 | Lair:6   | Found a runed translucent gate.
 18299 | Lair:6   | Found a runed translucent gate.
 18299 | Lair:6   | Found a runed translucent gate.
 18319 | Lair:6   | Gained mutation: Your large and strong wings let you fly
                  | indefinitely. [Gargoyle growth]
 18319 | Lair:6   | Reached XP level 14. HP: 98/98 MP: 16/16
 18339 | Lair:6   | Noticed Strat's ghost (journeyman DgVM)
 20102 | Lair:6   | Reached skill level 5 in Invocations
 20539 | Lair:1   | Killed arcanemastermind's ghost
 21051 | Orc:1    | Entered Level 1 of the Orcish Mines
 21140 | Orc:1    | Noticed an orc warlord
 21163 | Orc:1    | Killed an orc warlord
 21382 | Orc:2    | Entered Level 2 of the Orcish Mines
 21382 | Orc:2    | Found a staircase to the Elven Halls.
 21725 | Orc:2    | Paralysed by an orc sorcerer for 2 turns
 22203 | Orc:2    | Found Ahoom's Book Shoppe.
 22203 | Orc:2    | Found Zammajak's General Store.
 22204 | Orc:2    | Found Wupp's Magic Scroll Emporium.
 22268 | Orc:2    | Found Qaothut's General Store.
 22766 | Orc:2    | Reached XP level 15. HP: 104/104 MP: 19/19
 23502 | D:12     | Found a runed translucent gate.
 23503 | D:12     | Found a runed translucent gate.
 23509 | D:12     | Found a runed translucent gate.
 23510 | D:12     | Noticed grimtooth's ghost (journeyman SpEn)
 23510 | D:12     | Noticed oXJerXo's ghost (journeyman TrMo)
 23764 | D:7      | Bought a faintly glowing hat for 216 gold pieces
 23764 | D:7      | Bought a smoking plate armour for 672 gold pieces
 23774 | D:7      | Identified the -2 hat of the Cockatrice {Int+4} (You bought
                  | it in a shop on level 7 of the Dungeon)
 23795 | D:7      | Identified the +6 plate armour of the Wary Lies {Int+3}
                  | (You bought it in a shop on level 7 of the Dungeon)
 24107 | Lair:6   | Killed Strat's ghost
 24451 | Lair:6   | Got the ring of Gepeiw {Fire}
 24464 | Lair:6   | Identified the ring of Gepeiw {Fire rElec rPois Int-2
                  | Dex+5} (You found it on level 6 of the Lair of Beasts)
 24682 | D:12     | Killed from afar by a meliai

Skill      XL: |  1  2  3  4  5  6  7  8  9 10 11 12 13 14 |
---------------+-------------------------------------------+-----
Fighting       | 4 5 6 7 9 11 12 13 14 15 | 15.9
Maces & Flails | 3 4 5 6 8 9 11 12 13 14 | 14.6
Armour         | 4 6 8 10 11 | 11.9
Shields        | 4 6 8 10 11 | 11.9
Invocations    | 2 6 |  6.6

Action                   |  1- 3 |  4- 6 |  7- 9 | 10-12 | 13-15 || total
-------------------------+-------+-------+-------+-------+-------++-------
Melee: Flail             |   158 |   278 |   505 |   892 |  1168 ||  3001
       Whip              |       |       |    11 |       |       ||    11
Throw: Throwing net      |       |       |       |     2 |       ||     2
Evoke: Wand              |       |       |       |    17 |       ||    17
  Use: Potion            |       |     1 |       |     5 |     3 ||     9
       Scroll            |       |       |    12 |     7 |    10 ||    29
 Stab: Paralysed         |       |       |    10 |    55 |    92 ||   157
       Held in net/web   |       |       |       |     1 |       ||     1
  Eat: Chunk             |     2 |     6 |    10 |    22 |    16 ||    56
       Ration            |       |       |     2 |     3 |     5 ||    10
Armor: Scale mail        |   133 |    21 |       |       |       ||   154
       Chain mail        |       |   160 |   415 |   483 |   638 ||  1696
Dodge: Dodged            |    69 |    56 |   118 |   176 |   207 ||   626
Block: Shield            |   109 |   126 |   281 |   478 |   121 ||  1115
       Large shield      |    14 |       |       |       |   967 ||   981
